AoeStats
← Carple

QS Arena

503202088Analyzed
4v4 RM · 1mo ago on Aug 30, 2026· 44m 3s· 8 players
Game mode
Random Map
Map size
Large (8 player)
Population
200
Speed
Normal
Resources
Standard
Victory
Conquest
Starting age
Dark Age
Ending age
Imperial Age
RankedLock teamsTeams togetherTeam positionsShared explorationLock speedFull tech treeHidden civsTurbo modeCheats
Victory
Defeat
🇧🇷 Spanish · Brazil
1219
+9
🇬🇧 Gurjaras · United Kingdom
1098
+14
🇪🇸 Huns · Spain
1045
+16
🇧🇷 Khmer · Brazil
1010
+18
🇺🇸 Magyars · United States
1074
-15
🇩🇪 Malay · Germany
1073
-15
🇨🇦 Japanese · Canada
1023
-13
🇺🇸 Khmer · United States
1012
-12
Dozer
8:10 Feudal Age
9:48 Double-Bit Axe
13:10 Castle Age
12:17 Horse Collar
14:37 Wheelbarrow
15:02 Bow Saw
14:55 Heavy Plow
19:43 Light Cavalry
20:24 Husbandry
21:46 Bloodlines
24:31 Hand Cart
24:01 Town Watch
24:42 Scale Barding Armor
25:18 Loom
25:33 Town Patrol
25:32 Gold Mining
25:33 Stone Mining
28:07 Chain Barding Armor
30:40 Fletching
30:50 Padded Archer Armor
32:18 Thumb Ring
35:22 Imperial Age
33:52 Masonry
36:42 Bodkin Arrow
39:17 Ballistics
Zizzle4879
9:39 Feudal Age
9:02 Loom
10:09 Double-Bit Axe
13:14 Castle Age
11:15 Horse Collar
12:06 Gold Mining
14:06 Bow Saw
16:15 Forging
18:15 Scale Barding Armor
19:03 Husbandry
21:51 Heavy Plow
22:50 Pikeman
24:08 Town Watch
28:06 Imperial Age
26:10 Scale Mail Armor
26:32 Ballistics
26:55 Gold Shaft Mining
27:10 Wheelbarrow
28:39 Iron Casting
29:05 Double Crossbow
28:38 Heavy Scorpion
30:02 Siege Engineers
30:22 Conscription
31:40 Halberdier
32:44 Chain Mail Armor
33:06 Fortified Wall
Carple
8:57 Feudal Age
9:27 Double-Bit Axe
9:44 Horse Collar
15:19 Castle Age
13:27 Stone Mining
14:04 Gold Mining
15:09 Loom
16:43 Scale Mail Armor
16:54 Forging
16:47 Fletching
23:45 Elite Skirmisher
31:39 Squires
33:13 Padded Archer Armor
35:08 Ballistics
35:24 Leather Archer Armor
36:19 Bodkin Arrow
36:51 Pikeman
► Œηd; ◄
1:35 Loom
11:16 Feudal Age
15:31 Castle Age
13:45 Stone Mining
14:20 Double-Bit Axe
16:10 Fletching
21:13 Forging
27:59 Imperial Age
28:19 Iron Casting
29:32 Squires
29:18 Arson
30:38 Blast Furnace
29:46 Gold Mining
30:17 Bow Saw
29:51 Horse Collar
30:50 Wheelbarrow
31:51 Conscription
32:01 Heavy Plow
33:11 Elite Karambit Warrior
33:37 Elite Karambit Warrior
36:21 Gold Shaft Mining
38:40 Pikeman
39:26 Halberdier
Ports
10:03 Feudal Age
8:34 Loom
14:36 Castle Age
13:06 Forging
15:42 Scale Barding Armor
24:47 Double-Bit Axe
30:14 Imperial Age
29:43 Wheelbarrow
31:17 Horse Collar
32:53 Padded Archer Armor
33:36 Murder Holes
35:09 Conscription
35:21 Fletching
35:56 Elite Elephant Archer
39:13 Leather Archer Armor
39:34 Bloodlines
42:28 Bodkin Arrow
44:01 Husbandry
Dimitri
7:47 Loom
9:53 Feudal Age
14:44 Castle Age
12:30 Horse Collar
12:49 Double-Bit Axe
16:15 Husbandry
25:52 Bloodlines
32:04 Imperial Age
29:34 Gold Mining
29:53 Scale Barding Armor
29:42 Fletching
30:03 Forging
29:58 Light Cavalry
31:08 Heavy Plow
31:31 Chain Barding Armor
31:54 Wheelbarrow
35:36 Hussar
37:00 Iron Casting
41:38 Plate Barding Armor
42:40 Hand Cart
42:11 Town Watch
Tars
7:49 Feudal Age
11:48 Castle Age
9:57 Loom
10:46 Double-Bit Axe
16:36 Padded Archer Armor
18:29 Leather Archer Armor
30:49 Bloodlines
30:40 Husbandry
35:25 Imperial Age
36:40 Scale Barding Armor
36:47 Forging
37:47 Horse Collar
38:30 Chain Barding Armor
38:50 Cavalier
43:45 Elite Conquistador
kirlito
10:21 Feudal Age
11:11 Double-Bit Axe
11:07 Horse Collar
12:03 Wheelbarrow
18:28 Castle Age
17:41 Scale Barding Armor
17:47 Forging
18:19 Stone Mining
18:20 Gold Mining
19:23 Bow Saw
19:31 Hand Cart
19:19 Heavy Plow
25:52 Gold Shaft Mining
29:26 Imperial Age
27:35 Chain Barding Armor
27:50 Iron Casting
29:31 Marauders
30:20 Bloodlines
30:11 Husbandry
30:13 Elite Tarkan
31:35 Plate Barding Armor
32:17 Blast Furnace
31:56 Conscription
Connection lost

Rejoining the realm…

Still unreachable

The connection could not be restored.

Session expired

The server has moved on; the page needs a fresh start.